Match 40849417
Unlisted

Match 40849417
End
Construct Infanterie Kompanie
Pioneer Squad
Grenadier Squad
Selects Terror Battlegroup
Selects Machine Gun Camouflage
MG 42 Machine Gun Team
MG 42 Machine Gun Team
MG 42 Machine Gun Team
Grenadier Squad
Construct Luftwaffe Kompanie
Medical Bunker
221 Scout Car
Medical Bunker
Support Elements
Wirbelwind Flakpanzer
Marder III M Tank Destroyer
Medical Bunker
Selects Contempt for the Weak
Selects No Quarter
Jäger Squad
MG 42 Bunker
Jäger Squad
Side Skirts
Jäger Squad
Medical Bunker
Jäger Squad
Selects King Tiger Heavy Tank
King Tiger Heavy Tank
Pioneer Squad
FitzBro
Naveed #No2IRGC
Akuma Nihmune is my OSHI
JBossch
crazymcdazy
pvt rabbit
0
0

Comments sign in to comment!

No comments posted yet!